[ AOE2 MATCH · #506225060 ]
UnrankedMongols vs Persians
Player's team · LOSS
[ REPLAY ANALYSIS · EXTRACTED FROM THE RECORDED GAME ]
Feudal
—
Castle
—
Imperial
—
| APM avg | 69.6 |
| APM peak | 99 |
| eAPM avg | 15.6 |
| Villagers / military | 24 / 0 |
Focus
⚔️ 21.6% · 🌾 78.4%
Feudal
—
Castle
—
Imperial
—
| APM avg | 78.1 |
| APM peak | 98 |
| eAPM avg | 26.0 |
| Villagers / military | 25 / 0 |
Focus
⚔️ 16.4% · 🌾 83.6%
Match map
Initial resources + every placement click. Lines = walls · curves = elevation contours. ◆ gold · ⬟ stone · ● berries · ✦ relic · ◌ wall gap
Your base
hK | Agt. Smith's base
Smoothed initial terrain · ◌ = detected wall gap · hover for details
Inputs per minute
— Guthrie_Govan - - hK | Agt. Smith
Build order — Guthrie_Govan
40 actions detected in the replay
| 0:00 | Create | Villager (Male) |
| 0:00 | Create | Villager (Male) |
| 0:01 | Create | Villager (Male) |
| 0:01 | Create | Villager (Male) |
| 0:02 | Build | House |
| 0:03 | Build | House |
| 1:41 | Create | Villager (Male) |
| 1:41 | Create | Villager (Male) |
| 1:46 | Build | Lumber Camp |
| 1:55 | Create | Villager (Male) |
| 1:55 | Create | Villager (Male) |
| 2:17 | Create | Villager (Male) |
| 2:21 | Create | Villager (Male) |
| 2:28 | Research | Loom |
| 2:28 | Research | Loom |
| 2:39 | Create | Villager (Male) |
| 2:45 | Build | House |
| 2:46 | Build | House |
| 2:58 | Create | Villager (Male) |
| 3:18 | Create | Villager (Male) |
| 3:21 | Create | Villager (Male) |
| 4:33 | Create | Villager (Male) |
| 4:33 | Create | Villager (Male) |
| 4:33 | Create | Villager (Male) |
| 4:33 | Create | Villager (Male) |
| 4:51 | Create | Villager (Male) |
| 5:12 | Create | Villager (Male) |
| 5:38 | Create | Villager (Male) |
| 6:17 | Build | Palisade Wall |
| 6:20 | Build | Palisade Wall |
| 6:27 | Build | Palisade Wall |
| 6:28 | Build | Palisade Wall |
| 6:45 | Build | Town Center |
| 6:57 | Build | Palisade Wall |
| 6:58 | Build | Palisade Wall |
| 7:00 | Build | Palisade Wall |
| 7:00 | Build | Palisade Wall |
| 7:45 | Create | Villager (Male) |
| 7:46 | Create | Villager (Male) |
| 7:46 | Create | Villager (Male) |
Build order — hK | Agt. Smith
32 actions detected in the replay
| 0:01 | Create | Villager (Male) |
| 0:02 | Build | House |
| 0:05 | Build | House |
| 0:11 | Create | Villager (Male) ×4 |
| 2:04 | Create | Villager (Male) |
| 2:18 | Build | Lumber Camp |
| 2:31 | Create | Villager (Male) |
| 2:32 | Create | Villager (Male) |
| 2:57 | Create | Villager (Male) |
| 3:32 | Research | Loom |
| 3:55 | Build | House |
| 4:01 | Create | Villager (Male) |
| 4:11 | Create | Villager (Male) |
| 4:25 | Build | House |
| 4:34 | Create | Villager (Male) |
| 4:34 | Create | Villager (Male) |
| 4:34 | Create | Villager (Male) |
| 4:49 | Build | Mill |
| 5:12 | Build | Mill |
| 5:14 | Create | Villager (Male) |
| 5:41 | Create | Villager (Male) |
| 6:00 | Create | Villager (Male) |
| 6:11 | Create | Villager (Male) |
| 6:18 | Build | Mill |
| 6:32 | Create | Villager (Male) |
| 6:32 | Create | Villager (Male) |
| 6:46 | Create | Villager (Male) |
| 7:19 | Create | Villager (Male) |
| 7:20 | Create | Villager (Male) |
| 7:21 | Create | Villager (Male) |
| 8:13 | Build | House |
| 8:36 | Create | Villager (Male) |
Match timeline
| 6:17 | Guthrie_Govan · wall_segment Palisade Wall x1 |
| 6:20 | Guthrie_Govan · wall_segment Palisade Wall x1 |
| 6:27 | Guthrie_Govan · wall_segment Palisade Wall x1 |
| 6:28 | Guthrie_Govan · wall_segment Palisade Wall x1 |
| 6:57 | Guthrie_Govan · wall_segment Palisade Wall x1 |
| 6:58 | Guthrie_Govan · wall_segment Palisade Wall x1 |
| 7:00 | Guthrie_Govan · wall_segment Palisade Wall x1 |
| 7:00 | Guthrie_Govan · wall_segment Palisade Wall x1 |
| 9:14 | Guthrie_Govan · resign |
[ AI ANALYSIS · 1 CREDIT ]
What really happened in this match?
Wolo.gg analyzes every decision: build order, eco, micro, common mistakes by bracket. Personalized analysis on WhatsApp or Discord in 30 seconds.
Civ guide
Mongols
Perfil
Jugador #4224302